 Dungeon Crawl Stone Soup version 0.31-a0-771-g505c3d19dc (webtiles) character file.

Game seed: 8957636747108647448

1495 randomguy2701 the Shield-Bearer (level 8, -1/67 HPs)
             Began as a Gnoll Fighter on Sept 17, 2023.
             Was a Follower of Okawaru.
             Slain by Joseph
             ... wielding a +0 quarterstaff
              (12 damage)
             ... on level 7 of the Dungeon.
             The game lasted 00:08:02 (6200 turns).

randomguy2701 the Shield-Bearer (Gnoll Fighter)     Turns: 6200, Time: 00:08:02

Health: -1/67      AC: 14    Str: 16    XL:     8   Next: 81%
Magic:  13/13      EV:  6    Int:  7    God:    Okawaru [*.....]
Gold:   490        SH: 11    Dex: 14    Spells: 14/14 levels left

rFire   . . .        a - +0 war axe
rCold   . . .        c - +0 buckler
rNeg    . . .        E - +0 plate armour
rPois   .            (no helmet)
rElec   .            (no cloak)
rCorr   .            F - +0 pair of gloves
SInv    .            (no boots)
Will    .....        j - amulet of reflection Stlth
                     (no ring)
HPRegen 0.31/turn    (no ring)
MPRegen 0.13/turn

%: reflection
@: no status effects
A: fangs 1, strong nose, distributed training
a: Renounce Religion, Heroism


You were on level 7 of the Dungeon.
You worshipped Okawaru.
Okawaru was aware of your devotion.
You visited 2 branches of the dungeon, and saw 8 of its levels.

You collected 490 gold pieces.

Inventory:

Hand Weapons
 a - a +0 war axe (weapon)
Armour
 c - a +0 buckler (worn)
 E - a +0 plate armour (worn)
 F - a +0 pair of gloves (worn)
Jewellery
 j - an amulet of reflection (around neck)
 m - a ring of fire
 p - an amulet of magic regeneration
Wands
 r - a wand of charming (12)
 y - a wand of flame (19)
 G - a wand of roots (9)
Scrolls
 b - a scroll of butterflies {unknown}
 e - 3 scrolls of identify
 f - a scroll of poison {unknown}
 g - a scroll of torment {unknown}
 h - a scroll of revelation {unknown}
 k - 2 scrolls of amnesia {unknown}
 l - 3 scrolls of teleportation {unknown}
 o - a scroll of enchant armour {unknown}
 s - 4 scrolls of noise {unknown}
 w - a scroll of acquirement {unknown}
 x - a scroll of brand weapon {unknown}
 C - 2 scrolls of fog {unknown}
 D - 2 scrolls of immolation {unknown}
Potions
 d - a potion of might
 i - a potion of magic
 n - 2 potions of cancellation
 q - a potion of haste
 t - a potion of mutation
 u - a potion of heal wounds
 v - 5 potions of curing
 z - 2 potions of resistance
 A - a potion of enlightenment {unknown}
 B - a potion of attraction {unknown}


   Skills:
 + Level 7.6 Fighting
 + Level 3.6 Short Blades
 + Level 3.6 Long Blades
 + Level 5.9 Axes
 + Level 3.6 Maces & Flails
 + Level 3.6 Polearms
 + Level 3.6 Staves
 + Level 3.6 Ranged Weapons
 + Level 3.6 Throwing
 + Level 7.6 Armour
 + Level 3.6 Dodging
 + Level 3.6 Stealth
 + Level 7.6 Shields
 + Level 3.6 Unarmed Combat
 + Level 3.6 Spellcasting
 + Level 3.0 Conjurations
 + Level 3.0 Hexes
 + Level 3.0 Summonings
 + Level 3.0 Necromancy
 + Level 3.0 Translocations
 + Level 3.0 Transmutations
 + Level 3.0 Fire Magic
 + Level 3.0 Ice Magic
 + Level 3.0 Air Magic
 + Level 3.0 Earth Magic
 + Level 3.0 Poison Magic
 + Level 4.0 Invocations
 + Level 3.6 Evocations
 + Level 3.3 Shapeshifting


You had 14 spell levels left.
You didn't know any spells.
Your spell library contained the following spells:

 Spells                   Type           Power      Damage    Failure   Level
 Freeze                   Ice            20%        1d4       99%         1
 Blink                    Tloc           10%        N/A       100%        2
 Lesser Beckoning         Tloc           10%        N/A       100%        2
 Momentum Strike          Conj/Tloc      10%        3d8       100%        2
 Sublimation of Blood     Necr           5%         N/A       100%        2
 Wereblood                Tmut           5%         N/A       100%        2
 Frozen Ramparts          Ice            10%        1d2       100%        3
 Hailstorm                Conj/Ice       5%         3d4       100%        3
 Volatile Blastmotes      Fire/Tloc      10%        2d10      100%        3
 Fulminant Prism          Conj/Hex       2%         3d5       100%        4
 Iskenderun's Mystic Bla  Conj/Tloc      5%         2d3       100%        4
 Summon Small Mammal      Summ           Unusable   N/A       N/A         1
 Call Canine Familiar     Summ           Unusable   N/A       N/A         3
 Summon Guardian Golem    Hex/Summ       Unusable   N/A       N/A         3
 Summon Hydra             Summ           Unusable   N/A       N/A         7

Dungeon Overview and Level Annotations

Branches:
Dungeon (7/15)             Temple (1/1) D:5

Altars:
Ashenzari
Dithmenos
Gozag
Makhleb
Nemelex Xobeh
Okawaru
Ru
Sif Muna
Trog
Uskayaw
Vehumet
Yredelemnul
Zin
The Shining One

Annotations:
D:2 1 runed translucent door, Crazy Yiuf
D:7 Joseph


Innate Abilities, Weirdness & Mutations

You have very sharp teeth.
Your uncanny sense of smell can sniff out nearby items.
Your experience applies equally to all skills.


Message History

You are too injured to fight recklessly!
You are too injured to fight recklessly!
You are too injured to fight recklessly!
You are too injured to fight recklessly!
You are too injured to fight recklessly!
You are too injured to fight recklessly!
You are too injured to fight recklessly!
You are too injured to fight recklessly!
You are too injured to fight recklessly!
You are too injured to fight recklessly!
Unknown command.
You slash Joseph! Your bite misses Joseph.
Joseph is heavily wounded.
You block Joseph's attack.
You slash Joseph! Your bite misses Joseph.
Joseph is severely wounded.
Joseph hits you with a +0 quarterstaff.
You hit Joseph.
Joseph is severely wounded.
Joseph hits you with a +0 quarterstaff!
* * * LOW HITPOINT WARNING * * *
You barely miss Joseph.
Joseph is severely wounded.
Joseph hits you with a +0 quarterstaff.
* * * LOW HITPOINT WARNING * * *
You block Joseph's attack.
You barely miss Joseph.
Joseph is severely wounded.
Joseph barely misses you.
You slash Joseph!
Joseph is almost dead.
Joseph hits you with a +0 quarterstaff.
* * * LOW HITPOINT WARNING * * *
You hit Joseph but do no damage.
Joseph is almost dead.
You block Joseph's attack.
You barely miss Joseph.
Joseph is almost dead.
Joseph barely misses you. Joseph hits you with a +0 quarterstaff!
You die...

.# ##.###
..... #...##
....# # ...#
#.##..###.##
#.@@........
####.######
#.# #.# #.#
#.# #.# #.#
####.#####
######


You could see Joseph.

Vanquished Creatures
  Eustachio (D:4)
  A water moccasin (D:7)
  2 sky beasts
  An ice beast (D:6)
  2 centaurs
  An ogre (D:5)
  A gnoll sergeant (D:7)
  A scorpion (D:6)
  A howler monkey (D:4)
  2 jellies
  An orc priest (D:3)
  An iguana (D:5)
  Ijyb (D:2)
  3 orc wizards
  10 adders
  7 gnolls
  3 white imps
  2 ufetubi (D:4)
  3 worms
  4 dart slugs
  18 orcs
  9 endoplasms
  4 giant cockroaches
  12 goblins
  10 hobgoblins
  11 jackals
  7 kobolds
  7 quokkas
  8 ball pythons
  6 bats
  6 frilled lizards
  6 rats
152 creatures vanquished.

Notes
Turn   | Place    | Note
-------+----------+-------------------------------------------
     0 | D:1      | randomguy2701 the Gnoll Fighter began the quest for the
                  | Orb.
     0 | D:1      | Reached XP level 1. HP: 23/23 MP: 1/1
   159 | D:1      | Reached XP level 2. HP: 21/29 MP: 2/2
  1025 | D:2      | Reached XP level 3. HP: 35/35 MP: 2/4
  1117 | D:2      | Found a runed translucent door.
  1118 | D:2      | Noticed Crazy Yiuf
  1234 | D:1      | Reached skill level 1 in Invocations
  1340 | D:1      | Reached skill level 1 in Short Blades
  1340 | D:1      | Reached skill level 1 in Long Blades
  1340 | D:1      | Reached skill level 1 in Maces & Flails
  1340 | D:1      | Reached skill level 1 in Polearms
  1340 | D:1      | Reached skill level 1 in Staves
  1340 | D:1      | Reached skill level 1 in Ranged Weapons
  1340 | D:1      | Reached skill level 1 in Throwing
  1340 | D:1      | Reached skill level 1 in Dodging
  1340 | D:1      | Reached skill level 1 in Stealth
  1340 | D:1      | Reached skill level 1 in Unarmed Combat
  1340 | D:1      | Reached skill level 1 in Spellcasting
  1340 | D:1      | Reached skill level 1 in Evocations
  1400 | D:2      | Reached skill level 1 in Shapeshifting
  1400 | D:2      | Reached XP level 4. HP: 37/41 MP: 5/5
  1562 | D:2      | Reached skill level 1 in Conjurations
  1562 | D:2      | Reached skill level 1 in Hexes
  1562 | D:2      | Reached skill level 1 in Summonings
  1562 | D:2      | Reached skill level 1 in Necromancy
  1562 | D:2      | Reached skill level 1 in Translocations
  1562 | D:2      | Reached skill level 1 in Transmutations
  1562 | D:2      | Reached skill level 1 in Fire Magic
  1562 | D:2      | Reached skill level 1 in Ice Magic
  1562 | D:2      | Reached skill level 1 in Air Magic
  1562 | D:2      | Reached skill level 1 in Earth Magic
  1562 | D:2      | Reached skill level 1 in Poison Magic
  1617 | D:2      | Reached XP level 5. HP: 38/47 MP: 6/6
  1920 | D:2      | Found a faded altar of an unknown god.
  2233 | D:3      | Noticed Ijyb
  2271 | D:2      | Killed Ijyb
  2741 | D:3      | Reached XP level 6. HP: 50/53 MP: 8/8
  2810 | D:3      | Found a burning altar of Makhleb.
  3100 | D:4      | Noticed Eustachio
  3306 | D:3      | Reached skill level 5 in Axes
  3633 | D:4      | Killed Eustachio
  3634 | D:4      | Reached XP level 7. HP: 44/60 MP: 10/10
  3943 | D:4      | Found a radiant altar of Vehumet.
  4334 | D:5      | Entered Level 5 of the Dungeon
  4337 | D:5      | Found an opulent altar of Gozag.
  4495 | D:5      | Found a bloodstained altar of Trog.
  4716 | D:5      | Found a shimmering blue altar of Sif Muna.
  4835 | D:5      | Found a staircase to the Ecumenical Temple.
  4895 | D:6      | Reached XP level 8. HP: 53/67 MP: 12/12
  5053 | D:6      | Found a broken altar of Ashenzari.
  5146 | Temple   | Entered the Ecumenical Temple
  5153 | Temple   | Became a worshipper of Warmaster Okawaru
  6036 | D:7      | Reached * piety under Okawaru
  6181 | D:7      | Noticed Joseph
  6200 | D:7      | Slain by Joseph

Illustrated notes

Levels and vault maps discovered:
D:1:      tarquinn_simple_flora_water_f, layout_loops_ring, serial_rivers,
          chequers_serial_rivers_micro_d, chequers_serial_rivers_small_a,
          chequers_serial_rivers_micro_d, chequers_serial_rivers_micro_a,
          lemuel_flame_loot_1
D:2:      layout_loops_ring, shapermc_ecumenical_altar_totnotflames,
          chequers_serial_rivers_micro_d, minmay_joined_circles,
          uniq_crazy_yiuf_cottage
D:3:      minmay_angry_zag, layout_rooms, nicolae_overflow_crystal_walls,
          st_stairs_11, minmay_quantized, uniq_ijyb
D:4:      layout_basic, vehumet_crystals, nicolae_ossuary_entry_plus,
          uniq_eustachio
D:5:      layout_rooms, bloody_trog, lemuel_doored_altar, grunt_gozag_statues,
          minmay_temple_entry_butterflies, minmay_misc_feat_rugged
D:6:      layout_rooms, nicolae_ashenzari_panopticon
D:7:      cheibrodos_statue_roulette, layout_loops_corners, enter_bailey_5,
          uniq_joseph
Temple:   hellmonk_temple_micro_hex

Skill      XL: |  1  2  3  4  5  6  7  8 |
---------------+-------------------------+-----
Invocations    | 1 2 3 4 |  4.0
Short Blades   | 1 2 3 |  3.6
Long Blades    | 1 2 3 |  3.6
Maces & Flails | 1 2 3 |  3.6
Polearms       | 1 2 3 |  3.6
Staves         | 1 2 3 |  3.6
Ranged Weapons | 1 2 3 |  3.6
Throwing       | 1 2 3 |  3.6
Dodging        | 1 2 3 |  3.6
Stealth        | 1 2 3 |  3.6
Unarmed Combat | 1 2 3 |  3.6
Spellcasting   | 1 2 3 |  3.6
Evocations     | 1 2 3 |  3.6
Shapeshifting  | 1 2 3 |  3.3
Conjurations   | 1 2 3 |  3.0
Hexes          | 1 2 3 |  3.0
Summonings     | 1 2 3 |  3.0
Necromancy     | 1 2 3 |  3.0
Translocations | 1 2 3 |  3.0
Transmutations | 1 2 3 |  3.0
Fire Magic     | 1 2 3 |  3.0
Ice Magic      | 1 2 3 |  3.0
Air Magic      | 1 2 3 |  3.0
Earth Magic    | 1 2 3 |  3.0
Poison Magic   | 1 2 3 |  3.0
Axes           | 5 |  5.9
Fighting       | 7 |  7.6
Armour         | 7 |  7.6
Shields        | 7 |  7.6

Action                     |  1- 3 |  4- 6 |  7- 9 || total
---------------------------+-------+-------+-------++-------
  Melee: War axe           |    63 |   250 |   203 ||   516
         Bite              |     7 |    14 |    30 ||    51
    Use: Scroll            |       |       |     7 ||     7
         Potion            |       |       |     1 ||     1
 Armour: Scale mail        |    44 |   208 |    82 ||   334
         Plate armour      |       |       |    76 ||    76
  Dodge: Dodged            |    27 |   122 |    96 ||   245
  Block: Buckler           |    21 |   142 |   142 ||   305
         Reflection        |       |    10 |     5 ||    15

Table legend: (Time is in decaauts)
 A = Elapsed time spent in this place.
 B = Non-inter-level travel time spent in this place.
 C = Inter-level travel time spent in this place.
 D = Time resting spent in this place.
 E = Time spent auto-exploring this place.
 F = Levels seen in this place.
 G = Mean time per level.
                   A        B        C        D        E       F      G
               +--------+--------+--------+--------+--------+-----+--------+
         Total |   6360 |   5745 |    615 |    169 |   4340 |   8 |  795.0 |
       Dungeon |   6346 |   5738 |    608 |    169 |   4340 |   7 |  906.6 |
        Temple |     14 |      7 |      7 |      0 |      0 |   1 |   14.0 |
               +--------+--------+--------+--------+--------+-----+--------+

Top non-repeatable levels by time:
     D:2: 1344 daAuts
     D:1: 1258 daAuts
     D:3: 1120 daAuts
     D:4: 890 daAuts
     D:6: 808 daAuts
     D:5: 639 daAuts
     D:7: 284 daAuts
  Temple: 14 daAuts
